AoeStats
← PZ|MBalu

Baltic

510385428Analyzed
4v4 RM · 3d ago on Sep 30, 2026· 9m 3s· 8 players
Game mode
Random Map
Map size
Large (8 player)
Population
200
Speed
Normal
Resources
Standard
Victory
Conquest
Starting age
Dark Age
Ending age
Imperial Age
RankedLock teamsTeams togetherTeam positionsShared explorationLock speedFull tech treeHidden civsTurbo modeCheats
Victory
Defeat
🇭🇺 Japanese · Hungary
1261
+15
🇭🇺 Ethiopians · Hungary
1229
+16
🇹🇷 Varangians · Türkiye
1195
+18
🇭🇺 Vikings · Hungary
1180
+18
1289
-20
🇧🇷 Franks · Brazil
1274
-18
🇲🇽 Saracens · Mexico
1192
-15
1175
-14
kurinkito
8:11 Loom
11:02 Feudal Age
PZ|SlothKing
8:43 Feudal Age
8:00 Loom
PZ|ReDw1nG
0:27 Loom
7:33 Loom
PZ|MBalu
Hastek
Сергей Петрович
[OIDA] NoTradeBeforeImp
2:48 Loom
Kaiser
8:28 Loom
10:24 Feudal Age
Connection lost

Rejoining the realm…

Still unreachable

The connection could not be restored.

Session expired

The server has moved on; the page needs a fresh start.